 Dungeon Crawl Stone Soup version 0.19.4-8-ga85b6b9 (webtiles) character file.

448 Gargoyl the Skirmisher (level 7, -2/59 HPs)
             Began as a Ghoul Abyssal Knight on Feb 9, 2017.
             Was a Believer of Lugonu.
             Slain by a killer bee (4 damage)
             ... on level 4 of the Dungeon.
             The game lasted 00:06:40 (2626 turns).

Gargoyl the Skirmisher (Ghoul Abyssal Knight)       Turns: 2626, Time: 00:06:41

Health: -2/59      AC: 15    Str: 21    XL:     7   Next: 3%
Magic:  17/17      EV:  4    Int:  7    God:    Lugonu [**....]
Gold:   128        SH:  8    Dex: 10    Spells: 0 memorised, 6 levels left

rFire  . . .     SeeInvis .     q - +1 hand axe (elec)
rCold  + . .     Gourm    .     s - +0 plate armour
rNeg   + + +     Faith    .     g - +0 shield
rPois  ∞         Spirit   .     i - +0 helmet
rElec  .         Reflect  .     (no cloak)
rCorr  .         Harm     .     h - +1 pair of gloves
MR     .....                    (no boots)
Stlth  ..........               (no amulet)
                                (no ring)
                                o - ring of magical power

@: mighty, rotting
A: rotting body, claws 1, carnivore 3, cold resistance 1, negative energy
resistance 3, slow regeneration 1, torment resistance, unbreathing
a: Depart the Abyss, Bend Space, Renounce Religion


You were on level 4 of the Dungeon.
You worshipped Lugonu.
Lugonu was pleased with you.
You were not hungry.

You visited 1 branch of the dungeon, and saw 4 of its levels.
You visited the Abyss 1 time.

You collected 128 gold pieces.

Inventory:

Hand Weapons
 a - a +1 hand axe
 q - a +1 hand axe of electrocution (weapon)
Armour
 g - a +0 shield (worn)
 h - a +1 pair of gloves (worn)
 i - a +0 helmet (worn)
 s - a +0 plate armour (worn)
Jewellery
 b - an uncursed ring of magical power
 o - a ring of magical power (left hand)
 r - an uncursed ring of protection from fire {unknown}
Wands
 e - a wand of lightning (4/15)
Potions
 m - a potion of brilliance
 n - a potion of might
 p - a potion of lignification
Comestibles
 c - 3 meat rations
 f - 2 beef jerkies
 j - 3 slices of pizza


   Skills:
 + Level 4.1 Fighting
 + Level 3.5 Axes
 * Level 3.9 Armour
 + Level 1.5 Dodging
 + Level 2.0 Shields
 * Level 3.6 Invocations


You had 6 spell levels left.
You didn't know any spells.

Dungeon Overview and Level Annotations

Branches:
Dungeon (4/15)
 Temple: D:4-7

Altars:
Sif Muna


Innate Abilities, Weirdness & Mutations

Your body is rotting away.
You thrive on raw meat.
You are immune to poison.
You have sharp fingernails.
You are carnivorous and can eat meat at any time.
Your flesh is cold resistant. (rC+)
You are immune to negative energy. (rN+++)
You regenerate slowly when monsters are visible.
You are immune to unholy pain and torment.
You can survive without breathing.


Message History

The killer bee is moderately wounded.
You block the killer bee's attack. The killer bee stings you.
* * * LOW HITPOINT WARNING * * *
Your plate armour prevents you from hitting the killer bee.
The killer bee is moderately wounded.
You block the killer bee's attack.
The killer bee stings you but does no damage. x2
Okay, then.
Unknown command.
You aren't carrying any spellbooks or scrolls.
You feel very mighty all of a sudden. The killer bee stings you.
* * * LOW HITPOINT WARNING * * *
The killer bee stings you but does no damage.
Your shield and plate armour prevent you from hitting the killer bee.
The killer bee is moderately wounded.
The killer bee stings you.
* * * LOW HITPOINT WARNING * * *
The killer bee stings you.
You die...

####.......#######.#
#.
#..................#
#.
#.#.#......#########
#....#.# # #.####.#
##### #### #.#.# #..
..... ..# #.#.#
#........ #.#
#...####..... #.####.#
#....@yy....###.......
##.#####..#.>...<.....
#. #.########.# #.
......... .. #########
.. #.. #..


You could see 2 killer bees.

Vanquished Creatures
  The ghost of Dickchan the Skirmisher, an amateur HOFi (D:3)
  4 killer bees (D:4)
  Terence (D:3)
  A worker ant (D:1)
  A howler monkey skeleton (D:4)
  5 adders
  3 oozes
  A worm (D:3)
  3 dart slugs
  An orc (D:3)
  A ball python (D:2)
  3 giant cockroaches
  6 goblins
  7 hobgoblins
  5 jackals
  7 bats
  6 frilled lizards
  5 kobolds
  12 rats
73 creatures vanquished.

Notes
Turn   | Place    | Note
-------+----------+-------------------------------------------
     0 | Abyss:1  | Gargoyl the Ghoul Abyssal Knight began the quest for the Orb.
     0 | Abyss:1  | Reached XP level 1. HP: 19/19 MP: 1/1
    69 | Abyss:1  | Noticed a sky beast
    71 | Abyss:1  | Noticed a chaos spawn
    80 | Abyss:1  | Noticed a small abomination
    85 | D:1      | Escaped the Abyss
   406 | D:1      | Reached XP level 2. HP: 25/26 MP: 2/2
   471 | D:1      | Reached * piety under Lugonu
   830 | D:1      | Reached skill level 1 in Dodging
   948 | D:1      | Reached XP level 3. HP: 32/33 MP: 3/3
  1106 | D:1      | Reached skill level 1 in Shields
  1313 | D:2      | Reached XP level 4. HP: 38/40 MP: 3/5
  1847 | D:3      | Noticed Terence
  1851 | D:3      | Killed Terence
  1851 | D:3      | Reached XP level 5. HP: 45/46 MP: 6/6
  1852 | D:3      | Noticed Dickchan's ghost (amateur HOFi)
  1898 | D:3      | Killed Dickchan's ghost
  1898 | D:3      | Reached skill level 4 in Fighting
  1898 | D:3      | Reached XP level 6. HP: 52/52 MP: 7/7
  1951 | D:3      | Reached ** piety under Lugonu
  2113 | D:3      | Found a deep blue altar of Sif Muna.
  2604 | D:4      | Reached XP level 7. HP: 46/59 MP: 8/8
  2626 | D:4      | HP: 2/59 [killer bee (5)]
  2626 | D:4      | Slain by a killer bee

Skill      XL: |  1  2  3  4  5  6 |
---------------+-------------------+-----
Armour         | 2 3 |  3.9
Dodging        | 1 |  1.5
Axes           | 2 3 |  3.5
Shields        | 1 2 |  2.0
Fighting       | 4 |  4.1
Invocations    | 3 |  3.6

Action                   |  1- 3 |  4- 6 |  7- 9 || total
-------------------------+-------+-------+-------++-------
Melee: Hand axe          |   106 |   162 |    17 ||   285
Invok: Depart the Abyss  |     1 |       |       ||     1
  Use: Potion            |       |     4 |     5 ||     9
       Scroll            |       |     6 |       ||     6
  Eat: Chunk             |    15 |    14 |       ||    29
Armor: Leather armour    |     6 |       |       ||     6
       Ring mail         |    42 |    25 |       ||    67
       Scale mail        |       |    50 |       ||    50
       Plate armour      |       |    36 |    19 ||    55
Dodge: Dodged            |    51 |    57 |     3 ||   111
Block: Shield            |    43 |    94 |    11 ||   148
